 Dungeon Crawl Stone Soup version 0.28-a0-519-gbfeecf2fc5 (webtiles) character file.

Game seed: 6298677533782481598

205 bande the Covered (level 5, -9/33 HPs)
             Began as a Gargoyle Fighter on Sept 23, 2021.
             Mangled by an ogre (15 damage)
             ... on level 4 of the Dungeon.
             The game lasted 00:06:09 (3248 turns).

bande the Covered (Gargoyle Fighter)                Turns: 3248, Time: 00:06:09

Health: -9/33      AC: 14    Str: 21    XL:     5   Next: 83%
Magic:  5/5        EV:  9    Int:  8    God:
Gold:   120        SH:  4    Dex:  9    Spells: 3/4 levels left

rFire   . . .      SeeInvis .   a - +0 war axe
rCold   . . .      Faith    .   c - +0 buckler
rNeg    + . .      Spirit   .   b - +0 scale mail
rPois   ∞          Reflect  .   (no helmet)
rElec   +          Harm     .   k - +2 cloak
rCorr   .          Rampage  .   (no gloves)
Will    .....                   (no boots)
Stlth   ..........              (no amulet)
HPRegen 0.11/turn               (no ring)
MPRegen 0.09/turn               (no ring)

@: mighty
A: sickness immunity, AC +4, negative energy resistance 1, electricity
resistance, torment resistance 1, petrification resistance
a: no special abilities


You were on level 4 of the Dungeon.
You visited 1 branch of the dungeon, and saw 4 of its levels.

You collected 120 gold pieces.

Inventory:

Hand Weapons
 a - a +0 war axe (weapon)
Armour
 b - a +0 scale mail (worn)
 c - a +0 buckler (worn)
 k - a +2 cloak (worn)
Jewellery
 e - a +6 ring of dexterity
Scrolls
 j - a scroll of identify
 m - a scroll of brand weapon {unknown}
 n - a scroll of fear {unknown}
Potions
 f - a potion of curing
 g - a potion of lignification
 h - a potion of mutation {unknown}
 i - 2 potions of resistance {unknown}
 l - 2 potions of heal wounds


   Skills:
 + Level 4.2 Fighting
 + Level 3.7 Axes
 + Level 4.3 Armour
 + Level 3.7 Shields
 * Level 0.5 Translocations


You had 3 spell levels left.
You knew the following spells:

 Your Spells              Type           Power      Damage    Failure   Level
a - Apportation           Tloc           0%         N/A       67%         1

Your spell library contained the following spells:

 Spells                   Type           Power      Damage    Failure   Level
 Animate Skeleton         Necr           0%         N/A       75%         1
 Summon Small Mammal      Summ           0%         N/A       75%         1
 Passwall                 Tmut/Erth      0%         N/A       87%         2
 Swiftness                Air            0%         N/A       98%         3
 Invisibility             Hex            0%         N/A       100%        6


Dungeon Overview and Level Annotations

Branches:
Dungeon (4/15)
 Temple: D:4-7

Altars:
Elyvilon
Yredelemnul

Shops:
D:2 [


Innate Abilities, Weirdness & Mutations

You are immune to sickness and miasma.
Your stone body is resilient. (AC +4)
You are immune to poison.
You resist negative energy. (rN+)
You are resistant to electric shocks. (rElec)
You are resistant to unholy torment.
You are immune to petrification.


Message History

The worm is moderately wounded.
The worm barely misses you.
You barely miss the worm.
The worm is moderately wounded.
You slice the worm!!
You kill the worm!
No target in view!
No target in view!
No target in view!
No target in view!
No target in view!
No target in view!
HP restored.
An ogre comes into view. It is wielding a +0 giant spiked club.
You see here a scroll labelled IBUICEWEZY.
n - a scroll labelled IBUICEWEZY The ogre shouts!
You feel very mighty all of a sudden. The ogre barely misses you.
Your scale mail prevents you from hitting the ogre.
You block the ogre's attack.
You barely miss the ogre. The ogre barely misses you.
You closely miss the ogre. The ogre completely misses you.
You barely miss the ogre.
The ogre hits you with a +0 giant spiked club.
You slash the ogre!
The ogre is moderately wounded.
The ogre hits you with a +0 giant spiked club.
You barely miss the ogre.
The ogre is moderately wounded.
The ogre hits you with a +0 giant spiked club!!
Ouch! That really hurt!
* * * LOW HITPOINT WARNING * * *
You closely miss the ogre.
The ogre is moderately wounded.
You block the ogre's attack.
You slash the ogre!
The ogre is heavily wounded.
The ogre hits you with a +0 giant spiked club!
You die...

####....<...##
###............#
#...............#
#................#
##................
##...............
##..............
##.............
#O@..........
#............
#............
#.....##.##...
#.....## .. ##.
....## #.. ...#
#.. .## ##.


You could see an ogre.

Vanquished Creatures
  A howler monkey (D:2)
  An orc priest (D:3)
  A bullfrog skeleton (D:3)
  A gnoll (D:2)
  4 adders
  2 worms
  A dart slug (D:2)
  3 orcs
  5 endoplasms
  9 goblins
  4 hobgoblins
  2 jackals (D:3)
  2 quokkas
  4 ball pythons
  4 bats
  7 frilled lizards
  6 kobolds
  4 rats (D:2)
61 creatures vanquished.

Vanquished Creatures (others)
  8 plants (D:3)
8 creatures vanquished.

Grand Total: 69 creatures vanquished

Notes
Turn   | Place    | Note
-------+----------+-------------------------------------------
     0 | D:1      | bande the Gargoyle Fighter began the quest for the Orb.
     0 | D:1      | Reached XP level 1. HP: 14/14 MP: 1/1
   434 | D:1      | Reached XP level 2. HP: 15/19 MP: 2/2
   949 | D:2      | Reached XP level 3. HP: 23/23 MP: 3/3
  1400 | D:2      | Reached XP level 4. HP: 16/29 MP: 4/4
  1442 | D:2      | Found a white marble altar of Elyvilon.
  1996 | D:2      | Found Alacae's Armour Boutique.
  1997 | D:2      | Upgraded the game from 0.28-a0-514-g0d7ab7f379 to
                  | 0.28-a0-519-gbfeecf2fc5
  2235 | D:2      | You fall into a shaft and drop 2 floors!
  2271 | D:3      | Reached XP level 5. HP: 31/33 MP: 5/5
  2447 | D:3      | Learned a level 1 spell: Apportation
  2897 | D:3      | Found a basalt altar of Yredelemnul.
  3237 | D:4      | Noticed an ogre
  3248 | D:4      | Mangled by an ogre

Illustrated notes

Levels and vault maps discovered:
D:1:      amcnicky_arrival_abandoned_market, layout_loops_ring, hex_tiny
D:2:      kennysheep_six_static_rooms, layout_loops_ring, serial_shops,
          nicolae_lakefront_shop, minmay_hexomino_r4
D:3:      layout_rooms, lemuel_round_altar, serial_bayou_crossing
D:4:      layout_cave_pods, grunt_gozag_statues, vehumet_crystals, uniq_sigmund

Skill      XL: |  1  2  3  4 |
---------------+-------------+-----
Axes           | 2 3 |  3.7
Armour         | 4 |  4.3
Fighting       | 4 |  4.2
Shields        | |  3.7
Translocations | |  0.5

Action                   |  1- 3 |  4- 6 || total
-------------------------+-------+-------++-------
Melee: War axe           |    61 |   148 ||   209
  Use: Scroll            |       |     5 ||     5
       Potion            |       |     1 ||     1
Armor: Scale mail        |    41 |    89 ||   130
Dodge: Dodged            |    20 |    82 ||   102
Block: Buckler           |     8 |    38 ||    46

Table legend: (Time is in decaauts)
 A = Elapsed time spent in this place.
 B = Non-inter-level travel time spent in this place.
 C = Inter-level travel time spent in this place.
 D = Time resting spent in this place.
 E = Time spent auto-exploring this place.
 F = Levels seen in this place.
 G = Mean time per level.
                   A        B        C        D        E       F      G
               +--------+--------+--------+--------+--------+-----+--------+
         Total |   3331 |   3255 |     76 |    338 |   2219 |   4 |  832.8 |
       Dungeon |   3331 |   3255 |     76 |    338 |   2219 |   4 |  832.8 |
               +--------+--------+--------+--------+--------+-----+--------+

Top non-repeatable levels by time:
     D:2: 1667 daAuts
     D:1: 960 daAuts
     D:3: 658 daAuts
     D:4: 45 daAuts
